 Dungeon Crawl Stone Soup version 0.27-a0-1322-gfdffb62a71 (webtiles) character file.

Game seed: 2439094203420690054

123 Brandom the Sneak (level 5, 0/41 HPs)
             Began as a Djinni Delver on June 22, 2021.
             Slain by an adder (1 damage)
             ... on level 5 of the Dungeon.
             The game lasted 00:03:34 (152 turns).

Brandom the Sneak (Djinni Delver)                    Turns: 152, Time: 00:03:34

Health: 0/41       AC:  3    Str: 11    XL:     5   Next: 28%
Gold:   14         EV: 12    Int: 13    God:
                   SH:  0    Dex: 14

rFire    + + .     SeeInvis .   a - +0 falchion
rCold    x . .     Faith    .   (no shield)
rNeg     . . .     Spirit   .   b - +0 leather armour
rPois    ∞         Reflect  .   (no helmet)
rElec    .         Harm     .   (no cloak)
rCorr    .         Rampage  .   (no gloves)
Will     .....                  (boots unavailable)
Stlth    ++........             (no amulet)
HPRegen  0.13/turn              (no ring)
MPRegen  0.00/turn              (no ring)

@: flying
A: sickness immunity, fire resistance 2, cold vulnerability 1, float, innate
caster, hp casting, extra vitality 1
a: no special abilities


You were on level 5 of the Dungeon.
You visited 1 branch of the dungeon, and saw 1 of its levels.

You collected 14 gold pieces.

Inventory:

Hand Weapons
 a - a +0 falchion (weapon)
Armour
 b - a +0 leather armour (worn)
Wands
 v - a wand of digging (3)
Scrolls
 c - a scroll of fog
 d - a scroll of magic mapping
 e - a scroll of fear


   Skills:
 + Level 4.0 Fighting
 - Level 1.7 Long Blades
 + Level 3.6 Dodging
 - Level 4.1 Stealth
 + Level 1.7 Spellcasting


You had 4 spell levels left.
You knew the following spells:

 Your Spells              Type           Power      Damage    Failure   Level
a - Corona                Hex            5%         N/A       17%         1
b - Corpse Rot            Necr/Air       N/A        N/A       26%         2
Your spell library was empty.

Dungeon Overview and Level Annotations

Branches:
Dungeon (5/15)
 Temple: D:4-7

Altars:


Innate Abilities, Weirdness & Mutations

You are immune to sickness and miasma.
You are immune to poison.
Your flesh is very heat resistant. (rF++)
You are vulnerable to cold. (rC-)
You float through the air rather than walking.
You learn spells naturally, not from books.
Your magical power is your life essence.
You have superior vitality. (+4 HP)


Message History

You hit the howler monkey.
You kill the howler monkey!
Your Fighting skill increases to level 4!
You have reached level 5!
The power to cast Corpse Rot wells up from within.
Spell assigned to 'b'.
Okay, then.
Okay, then.
You don't know that spell.
Okay, then.
Okay, then.
Unknown command.
You start resting.
You hear the slow rusting of a very distant drain.
Your extra speed is starting to run out.
You feel yourself slow down.
You start resting.
You hear the slow rusting of a very distant drain.
An adder comes into view.
Unknown command.
You start resting.
An adder is nearby!
Unknown command.
There is nothing fresh enough to decay nearby.
Aim: an adder (wandering, hasn't noticed you, chance to affect: 48%)
You miscast Corona.
You are very lightly contaminated with residual magic.
Nothing appears to happen.
* * * LOW HITPOINT WARNING * * *
The adder hisses angrily.
Aim: an adder (chance to affect: 48%)
The adder is outlined in light.
* * * LOW HITPOINT WARNING * * *
You hit the adder. The adder bites you.
* * * LOW HITPOINT WARNING * * *
The adder bites you but does no damage.
You closely miss the adder. The adder bites you but does no damage.
Unknown command.
You closely miss the adder. The adder misses you. The adder barely misses you.
You hit the adder. The adder bites you.
* * * LOW HITPOINT WARNING * * *
The adder bites you.
* * * LOW HITPOINT WARNING * * *
Your magical contamination has completely faded away.
You closely miss the adder.
The adder stops glowing.
The adder closely misses you.
You closely miss the adder. The adder misses you.
The adder bites you but does no damage.
You miss the adder. The adder bites you.
You die...

(.. ... ... ## #.# .###
#.# ###... #.# # #...#
###.##.##### .#.>#####
#.@..)......
........#######S###.#.####
..#.#...........# ...
...##...######### #### #.#
##### #. #


You could see an adder.

Vanquished Creatures
  A centaur (D:5)
  A howler monkey (D:5)
  An adder (D:5)
3 creatures vanquished.

Notes
Turn   | Place    | Note
-------+----------+-------------------------------------------
     0 | D:5      | Brandom the Djinni Delver began the quest for the Orb.
     0 | D:5      | Reached XP level 1. HP: 20/20 MP: 0/0
    18 | D:5      | Noticed a howler monkey
    21 | D:5      | Noticed a centaur
    23 | D:5      | Reached XP level 2. HP: 19/25 MP: 0/0
    26 | D:5      | Killed a centaur
    27 | D:5      | Reached skill level 1 in Spellcasting
    27 | D:5      | Reached XP level 3. HP: 11/31 MP: 0/0
    27 | D:5      | Learned a level 1 spell: Corona
    27 | D:5      | Reached XP level 4. HP: 14/37 MP: 0/0
    39 | D:5      | HP: 1/37 [howler monkey (3)]
    41 | D:5      | Reached XP level 5. HP: 1/41 MP: 0/0
    41 | D:5      | Learned a level 2 spell: Corpse Rot
   149 | D:5      | HP: 1/41 [adder (4)]
   152 | D:5      | Slain by an adder

Illustrated notes

Levels and vault maps discovered:
D:5:      kennysheep_six_static_rooms, layout_loops_ring, gup_sewer_entry_pipe,
          minmay_misc_feat_columns, uniq_grinder

Skill      XL: |  1  2  3  4 |
---------------+-------------+-----
Dodging        | 3 |  3.6
Spellcasting   | 1 |  1.7
Fighting       | 4 |  4.0
Long Blades    | |  1.7
Stealth        | |  4.1

Action                   |  1- 3 |  4- 6 || total
-------------------------+-------+-------++-------
Melee: Falchion          |     8 |    20 ||    28
 Cast: Corona            |       |     2 ||     2
  Use: Potion            |     1 |       ||     1
 Stab: Sleeping          |     1 |       ||     1
Armor: Leather armour    |     2 |     4 ||     6
Dodge: Dodged            |     9 |    10 ||    19
       Rpst.: Falchion   |     6 |     2 ||     8

Table legend: (Time is in decaauts)
 A = Elapsed time spent in this place.
 B = Non-inter-level travel time spent in this place.
 C = Inter-level travel time spent in this place.
 D = Time resting spent in this place.
 E = Time spent auto-exploring this place.
 F = Levels seen in this place.
 G = Mean time per level.
                   A        B        C        D        E       F      G
               +--------+--------+--------+--------+--------+-----+--------+
         Total |    139 |    139 |      0 |     85 |     13 |   1 |  139.0 |
       Dungeon |    139 |    139 |      0 |     85 |     13 |   1 |  139.0 |
               +--------+--------+--------+--------+--------+-----+--------+

Top non-repeatable levels by time:
     D:5: 139 daAuts
